 Dungeon Crawl Stone Soup version 0.26-a0-812-g31a745ddcd (webtiles) character file.

Game seed: 4884199490550480582

55373 marklar909 the Transmogrifier (level 14, -1/122 HPs)
             Began as a Green Draconian Transmuter on Nov 14, 2020.
             Was the Champion of Makhleb.
             Slain by an orc knight
             ... wielding a +0 glaive
              (21 damage)
             ... on level 2 of the Orcish Mines.
             The game lasted 00:45:08 (29891 turns).

marklar909 the Transmogrifier (DrTm)               Turns: 29891, Time: 00:45:08

Health: -1/122     AC: 16    Str: 15    XL:     14   Next: 38%
Magic:  0/17       EV: 18    Int: 20    God:    Makhleb [******]
Gold:   1522       SH:  0    Dex: 14    Spells: 1/17 levels left

rFire    . . .     SeeInvis .     - Unarmed
rCold    . . .     Faith    .   (no shield)
rNeg     . . .     Spirit   +   (armour unavailable)
rPois    +         Reflect  .   (helmet currently unavailable)
rElec    .         Harm     .   n - +2 cloak
rCorr    .         Rampage  .   L - +0 pair of gloves
MR       +....                  (boots currently unavailable)
Stlth    +++.......             J - amulet of guardian spirit
HPRegen  0.30/turn              N - +4 ring of protection
MPRegen  0.15/turn              k - +6 ring of intelligence

@: short of breath, appendages, studying Necromancy
A: breathe noxious fumes, unfitting armour, horns 2, stinger 1, talons 2, poison
resistance, cold-blooded, AC +8
a: Breathe Noxious Fumes, End Transformation, Minor Destruction, Lesser Servant
of Makhleb, Major Destruction, Greater Servant of Makhleb, Renounce Religion


You were on level 2 of the Orcish Mines.
You worshipped Makhleb.
Makhleb was exalted by your worship.
You had grown temporary horns.
You had grown temporary talons.
You visited 4 branches of the dungeon, and saw 20 of its levels.

You collected 1522 gold pieces.

Inventory:

Missiles
 R - 240 stones (quivered)
Armour
 n - a +2 cloak (worn)
 q - a scarf of resistance
 C - a +1 pair of boots (melded)
 L - a +0 pair of gloves (worn)
Jewellery
 k - a +6 ring of intelligence (right hand)
 D - an uncursed ring of flight
 J - an amulet of guardian spirit (around neck)
 M - an uncursed ring of poison resistance
 N - a +4 ring of protection (left hand)
Wands
 t - a wand of random effects (53)
 u - a wand of paralysis (22)
 x - a wand of flame (70)
 y - a wand of digging (7)
 H - a wand of polymorph (5)
 K - a wand of iceblast (4)
Scrolls
 a - 3 scrolls of blinking
 e - a scroll of immolation
 f - 5 scrolls of amnesia
 g - 6 scrolls of identify
 j - 2 scrolls of enchant weapon
 l - 10 scrolls of remove curse
 p - 3 scrolls of fear
 r - 2 scrolls of fog
 s - 8 scrolls of teleportation
 w - 2 scrolls of magic mapping
 O - a scroll of vulnerability {unknown}
 Q - a scroll of summoning
Potions
 b - 4 potions of cancellation
 c - 5 potions of haste
 d - a potion of lignification {unknown}
 h - 2 potions of curing
 i - 3 potions of might
 m - a potion of attraction
 o - 5 potions of brilliance
 v - 3 potions of heal wounds
 B - a potion of mutation {unknown}
 E - a potion of berserk rage {unknown}
 F - a potion of invisibility {unknown}
 G - 4 potions of flight {unknown}
 P - a potion of resistance {unknown}
Books
 A - a manual of Necromancy
Miscellaneous
 I - a phantom mirror


   Skills:
 * Level 10.8 Fighting
 + Level 2.1 Throwing
 * Level 10.0 Dodging
 + Level 5.6 Stealth
 + Level 13.2 Unarmed Combat
 - Level 2.0 Spellcasting
 + Level 13.9 Transmutations
 * Level 3.8 Earth Magic
 + Level 5.4 Poison Magic
 + Level 0.4 Evocations


You had one spell level left.
You knew the following spells:

 Your Spells              Type           Power        Failure   Level
a - Beastly Appendage     Tmut           ######       1%          1
b - Wereblood             Tmut           ######..     1%          2
c - Spider Form           Tmut/Pois      #####.....   1%          3
d - Blade Hands           Tmut           ######....   1%          5
e - Olgreb's Toxic Radia  Pois           ###.....     17%         4
f - Sandblast             Erth           ###...       3%          1

Your spell library contained the following spells:

 Spells                   Type           Power        Failure   Level
 Sting                    Tmut/Pois      ####         1%          1
 Passwall                 Tmut/Erth      #####...     1%          2
 Ignite Poison            Fire/Tmut/Pois ####....     3%          3
 Petrify                  Tmut/Erth      #####...     4%          4
 Poisonous Vapours        Pois/Air       ##....       8%          2
 Ice Form                 Ice/Tmut       ####....     9%          4
 Mephitic Cloud           Conj/Pois/Air  #.......     22%         3
 Stone Arrow              Conj/Erth      #.....       22%         3
 Lee's Rapid Deconstruct  Erth           ###.......   65%         5


Dungeon Overview and Level Annotations

Branches:
Dungeon (11/15)            Temple (1/1) D:6            Lair (6/6) D:10
  Swamp (0/4) Lair:4       Spider (0/4) Lair:3        Slime (0/5) Lair:6
    Orc (2/2) D:10
    Elf: Orc:2

Altars:
Ashenzari
Cheibriados
Dithmenos
Elyvilon
Fedhas
Gozag
Hepliaklqana
Kikubaaqudgha
Makhleb
Nemelex Xobeh
Okawaru
Qazlal
Ru
Sif Muna
Trog
Uskayaw
Vehumet
Wu Jian
Xom
Yredelemnul
Zin
The Shining One
Jiyva

Shops:
D:6 [

Annotations:
D:9 exclusion: ice statue
Lair:3 1 runed translucent door, Foabaekk's ghost, journeyman GrMo
Lair:5 3 runed translucent doors, aardvark's ghost, journeyman DEIE


Innate Abilities, Weirdness & Mutations

You can breathe blasts of noxious fumes.
Your lurid green scales are hard. (AC +8)
You cannot fit into any form of body armour.
Your tail ends in a poisonous barb.
Your system is resistant to poisons. (rPois)
You are cold-blooded and may be slowed by cold attacks.
You have a pair of horns on your head.
You have razor-sharp toenails.


Message History

You hit the orc knight.
The orc knight is moderately wounded.
Unknown command.
Press: ? - help, Shift-Dir - straight line, f - orc knight
Aim: an orc knight, wielding a +0 glaive and quivering 16 bolts (moderately wounded, poisoned)
You exhale a blast of noxious fumes.
The blast of choking fumes misses the orc knight.
The orc knight is engulfed in noxious fumes.
The orc knight appears confused.
Unknown command.
Unknown command.
You barely miss the orc knight. You tail-slap the orc knight.
The orc knight looks even sicker.
The orc knight is heavily wounded.
The orc knight looks very confused.
You punch the orc knight!
Your tail-slap misses the orc knight.
The orc knight is heavily wounded.
The orc knight is engulfed in noxious fumes.
The orc knight hits you with a +0 glaive!!
You die...

.........#.........
.#.................
##................. ###
#.................###.##
...................#(..##
.............#.....(#...#
...........#.#.........##
.................(.....#
.).().....)..##.@.......#
..............#.o.......#
........c...(.(.○.......#
................○......##
......)...(.....☼......#
................☼.......#
........(.......☼......##
......(.................
((..(..................


You could see an orc knight (confused, very poisoned).

Vanquished Creatures
  2 hydras
  2 catoblepae
  A boulder beetle (D:11)
  Erica (Lair:1)
  3 two-headed ogres
  4 death yaks (Lair:2)
  A fire crab (Lair:4)
  2 lindwurms
  3 orc knights (Orc:2)
  2 cyclopes (D:11)
  11 elephants (Lair:6)
  Joseph (D:7)
  2 black mambas
  A torpor snail (Lair:5)
  14 cane toads
  2 kobold demonologists (D:8)
  Maggie (Lair:1)
  3 rime drakes
  8 komodo dragons
  2 jumping spiders (Lair:3)
  3 hornets (Lair:6)
  2 trolls
  3 dream sheep (Lair:6)
  9 polar bears
  17 blink frogs
  13 spriggans (Lair:6)
  3 redbacks (Lair:3)
  2 wyverns (Lair:4)
  A vampire (D:10)
  58 yaks
  Grum (Lair:1)
  4 basilisks
  A steam dragon (D:9)
  2 wargs (Orc:1)
  An acid dragon (D:11)
  7 water moccasins
  23 orc warriors
  A hornet zombie (D:8)
  A sky beast (D:5)
  3 ice beasts
  4 black bears
  4 boggarts (Lair:6)
  11 centaurs
  44 wolves
  3 ogres
  2 big kobolds
  11 bullfrogs
  4 scorpions
  16 killer bees
  8 wights
  2 howler monkeys (D:8)
  3 electric eels
  A bullfrog zombie (D:8)
  3 bullfrog skeletons
  5 hounds
  2 jellies
  4 orc priests
  3 centaur skeletons
  Crazy Yiuf (D:3)
  Jessica (D:3)
  Ijyb (D:4)
  2 iguanas
  6 worker ants
  10 orc wizards
  A hound zombie (D:8)
  A worker ant zombie (D:5)
  A howler monkey skeleton (D:4)
  7 adders
  11 gnolls
  2 shadow imps
  A white imp (D:9)
  2 ufetubi (D:5)
  An ooze (D:1)
  An adder skeleton (D:5)
  5 worms
  A dart slug (D:1)
  6 leopard geckos
  41 orcs
  2 ball pythons
  6 giant cockroaches
  8 goblins
  6 hobgoblins
  6 jackals
  9 kobolds
  2 quokkas
  6 bats (D:1)
  7 frilled lizards
  A jackal skeleton (D:9)
  2 leopard gecko skeletons
  A quokka zombie (D:5)
  7 rats
  2 butterflies
518 creatures vanquished.

Vanquished Creatures (collateral kills)
  A hornet (Lair:6)
  A spriggan (Lair:6)
2 creatures vanquished.

Vanquished Creatures (others)
  An adder (D:9)
  2 orcs
  25 fungi
  24 plants
52 creatures vanquished.

Grand Total: 572 creatures vanquished

Notes
Turn   | Place    | Note
-------+----------+-------------------------------------------
     0 | D:1      | marklar909 the Draconian Transmuter began the quest for the
                  | Orb.
     0 | D:1      | Reached XP level 1. HP: 16/16 MP: 3/3
   107 | D:1      | Reached XP level 2. HP: 23/23 MP: 3/5
   483 | D:1      | Reached XP level 3. HP: 26/28 MP: 4/6
   907 | D:2      | Learned a level 2 spell: Wereblood
   915 | D:2      | Learned a level 3 spell: Spider Form
   989 | D:2      | Found a basalt altar of Yredelemnul.
  1065 | D:2      | Reached XP level 4. HP: 29/36 MP: 4/7
  2279 | D:2      | Reached XP level 5. HP: 18/41 MP: 6/8
  2998 | D:3      | Found a runed translucent door.
  2999 | D:3      | Noticed Crazy Yiuf
  3070 | D:3      | Reached skill level 1 in Poison Magic
  3643 | D:3      | Reached XP level 6. HP: 27/49 MP: 5/9
  3795 | D:3      | You fall into a shaft and drop 3 floors!
  4079 | D:6      | Found Xohitewk's Armour Shoppe.
  4149 | D:5      | Entered Level 5 of the Dungeon
  4149 | D:5      | Noticed a sky beast
  4161 | D:5      | Killed a sky beast
  4291 | D:5      | Found a glowing drain.
  5008 | D:5      | Your scales start taking on a lurid green colour.
  5008 | D:5      | Reached XP level 7. HP: 55/56 MP: 7/10
  5008 | D:5      | Gained mutation: Your system is resistant to poisons.
                  | (rPois) [Green Draconian growth]
  5360 | D:5      | Reached skill level 5 in Unarmed Combat
  5522 | D:5      | Reached skill level 1 in Stealth
  5522 | D:5      | Reached skill level 5 in Transmutations
  6070 | D:4      | Noticed Ijyb
  6079 | D:4      | Killed Ijyb
  6176 | D:4      | Found an iron altar of Okawaru.
  6225 | D:3      | Found a sparkling altar of Nemelex Xobeh.
  6683 | D:3      | Noticed Jessica
  6689 | D:3      | Killed Jessica
  7173 | D:3      | Killed Crazy Yiuf
  7317 | D:4      | Reached XP level 8. HP: 55/66 MP: 2/11
  8164 | D:6      | Found a staircase to the Ecumenical Temple.
  8347 | Temple   | Entered the Ecumenical Temple
  8531 | D:7      | Noticed a troll
  9039 | D:6      | Reached XP level 9. HP: 29/73 MP: 10/12
  9258 | D:7      | Reached skill level 5 in Fighting
  9418 | D:7      | Killed a troll
  9847 | D:7      | Noticed Joseph
  9864 | D:7      | Killed Joseph
  9864 | D:7      | Reached skill level 5 in Dodging
 10343 | D:8      | Found a bloodstained altar of Trog.
 10344 | D:8      | Found an ornate altar of the Wu Jian Council.
 10344 | D:8      | Found a glowing silver altar of Zin.
 10434 | D:8      | Noticed a kobold demonologist
 10441 | D:8      | Noticed a kobold demonologist
 10447 | D:8      | Noticed a red devil
 10448 | D:8      | Killed a kobold demonologist
 10453 | D:8      | Noticed an orange demon
 10703 | D:8      | Noticed a two-headed ogre
 10824 | D:8      | Killed a kobold demonologist
 10865 | D:8      | Reached XP level 10. HP: 55/83 MP: 10/13
 11057 | D:8      | Found a burning altar of Makhleb.
 11071 | D:8      | Became a worshipper of Makhleb the Destroyer
 11197 | D:8      | Killed a two-headed ogre
 11197 | D:8      | Reached skill level 5 in Poison Magic
 11618 | D:8      | Learned a level 5 spell: Blade Hands
 12084 | D:9      | Found a blossoming altar of Fedhas.
 12099 | D:10     | Entered Level 10 of the Dungeon
 12614 | D:10     | Found a staircase to the Lair.
 13772 | D:10     | Found a staircase to the Orcish Mines.
 14059 | D:9      | Reached * piety under Makhleb
 14286 | D:9      | Found a shimmering altar of Xom.
 14313 | D:9      | Noticed a two-headed ogre
 14321 | D:9      | Killed a two-headed ogre
 14403 | D:9      | Noticed an ice statue
 14516 | D:9      | Found a glowing golden altar of the Shining One.
 14624 | D:9      | Found a stormy altar of Qazlal.
 15118 | D:11     | Noticed a two-headed ogre
 15605 | D:10     | Killed a two-headed ogre
 15605 | D:10     | Reached XP level 11. HP: 57/92 MP: 7/14
 15848 | D:11     | Noticed a boulder beetle
 15861 | D:11     | Killed a boulder beetle
 15861 | D:11     | Reached skill level 1 in Throwing
 17104 | D:11     | Reached skill level 10 in Transmutations
 17131 | D:11     | Reached skill level 10 in Unarmed Combat
 17507 | Lair:1   | Entered Level 1 of the Lair of Beasts
 17507 | Lair:1   | Noticed Grum
 17521 | Lair:1   | Killed Grum
 18391 | Lair:1   | Noticed Maggie
 18397 | Lair:1   | Reached ** piety under Makhleb
 18705 | Lair:1   | Killed Maggie
 18998 | Lair:1   | Noticed Erica
 19018 | Lair:1   | Killed Erica
 19745 | Lair:2   | Reached XP level 12. HP: 103/103 MP: 10/15
 20161 | Lair:1   | Learned a level 4 spell: Olgreb's Toxic Radiance
 20175 | Lair:2   | Noticed a death yak
 20175 | Lair:2   | Noticed a death yak
 20175 | Lair:2   | Noticed a death yak
 20175 | Lair:2   | Noticed a death yak
 20181 | Lair:2   | Killed a death yak
 20192 | Lair:2   | Killed a death yak
 20208 | Lair:2   | Killed a death yak
 20211 | Lair:2   | Killed a death yak
 20489 | Lair:2   | Noticed a six-headed hydra
 21688 | Lair:3   | Reached *** piety under Makhleb
 22025 | Lair:3   | Noticed Foabaekk's ghost (journeyman GrMo)
 22046 | Lair:3   | Found a runed translucent door.
 22103 | Lair:3   | Found a hole to the Spider Nest.
 22998 | Lair:4   | Noticed a six-headed hydra
 23022 | Lair:4   | Killed a six-headed hydra
 23022 | Lair:4   | Reached XP level 13. HP: 110/111 MP: 6/16
 23113 | Lair:4   | Found a staircase to the Swamp.
 23977 | Lair:4   | Reached skill level 5 in Stealth
 24161 | Lair:5   | Found a runed translucent gate.
 24161 | Lair:5   | Found a runed translucent gate.
 24161 | Lair:5   | Found a runed translucent gate.
 24161 | Lair:5   | Noticed a death ooze
 24199 | Lair:5   | Reached **** piety under Makhleb
 24396 | Lair:5   | Noticed aardvark's ghost (journeyman DEIE)
 24398 | Lair:5   | Found a viscous altar of Jiyva.
 25530 | Lair:5   | Learned a level 1 spell: Sandblast
 25962 | Lair:6   | Entered Level 6 of the Lair of Beasts
 26231 | Lair:5   | Reached skill level 1 in Earth Magic
 26520 | Lair:6   | Reached skill level 10 in Fighting
 26857 | Lair:6   | Reached ***** piety under Makhleb
 27058 | Lair:6   | Gained mutation: Your tail ends in a poisonous barb. [Green
                  | Draconian growth]
 27058 | Lair:6   | Reached XP level 14. HP: 122/122 MP: 12/17
 28354 | Lair:6   | Found a staircase to the Slime Pits.
 28887 | Orc:1    | Entered Level 1 of the Orcish Mines
 29164 | Orc:2    | Entered Level 2 of the Orcish Mines
 29244 | Orc:2    | Found a radiant altar of Vehumet.
 29673 | Orc:2    | Reached ****** piety under Makhleb
 29822 | Orc:2    | Reached skill level 10 in Dodging
 29891 | Orc:2    | Slain by an orc knight

Illustrated notes

Levels and vault maps discovered:
D:1:      heliophobic_arrival_battle_scene, layout_basic
D:2:      layout_loops_cross, minmay_misc_feat_hallway, lemuel_altar_in_water
D:3:      layout_loops_corners, nemelex_xobeh_ov_fountains_minmay, uniq_jessica,
          uniq_crazy_yiuf_cottage
D:4:      layout_rooms, nicolae_overflow_crystal_walls, uniq_ijyb
D:5:      layout_layer_cave, portal_sewer_entry_c, minmay_misc_feat_chi
D:6:      layout_loops_ring, minmay_temple_entry_statues, serial_shops, shop,
          minmay_misc_feat_enclosed
D:7:      layout_basic, minmay_manual_mandibuliform, uniq_joseph
D:8:      layout_cave_pools, chequers_temple_overflow_statue_of_worship,
          lemuel_doored_altar
D:9:      lemuel_ice_statue, layout_cave_pools, kennysheep_mini_moat,
          xom_butterflies, lemuel_round_altar, tso_metal_star
D:10:     layout_loops_ring, lair_entry_dummy, david_orc_1_choice
D:11:     layout_roguey
Temple:   dshaligram_water_room_temple
Lair:1:   layout_cave_pods, serial_bayou, serial_bayou_pond_c,
          serial_bayou_pond_c, serial_bayou_lagoon_a, serial_bayou_pond_d,
          columned_hall_lemuel, uniq_maggie, uniq_erica, uniq_grum
Lair:2:   layout_hall_layers, lemuel_fruit_fields, grunt_megastairs_2,
          serial_bayou_shore_a
Lair:3:   layout_misc_corridors, spider_nest_entry_funnel_web,
          hellmonk_ghost_happy_afterlife, serial_bayou_shore_b
Lair:4:   layout_long_grid, swamp_mist_pool
Lair:5:   layout_hall_layers, nicolae_volcano_entry_vermiform,
          gammafunk_ghost_ooze, serial_bayou_shore_b
Lair:6:   minmay_lair_end_enchanted_forest, layout_big_grid,
          dpeg_slime_entry_corner
Orc:1:    layout_caves, ebering_ghost_gozag, serial_shops, nicolae_shop_trees
Orc:2:    st_orc_rangers, layout_caves, serial_shops, shop, basic_altar,
          nicolae_orc_pool_cavern, nicolae_orc_flooded_monolith

Skill      XL: |  1  2  3  4  5  6  7  8  9 10 11 12 13 14 |
---------------+-------------------------------------------+-----
Dodging        | 2 3 4 5 6 7 8 9 10 | 10.0
Unarmed Combat | 4 5 7 8 9 10 11 12 13 | 13.2
Transmutations | 3 4 5 6 7 9 11 12 13 | 13.9
Fighting       | 2 3 4 6 7 8 9 10 | 10.8
Poison Magic   | 1 2 3 4 5 |  5.4
Stealth        | 1 2 3 4 5 |  5.6
Throwing       | 2 |  2.1
Earth Magic    | 2 3 |  3.8
Spellcasting   | |  2.0
Evocations     | |  0.4

Action                   |  1- 3 |  4- 6 |  7- 9 | 10-12 | 13-15 || total
-------------------------+-------+-------+-------+-------+-------++-------
Melee: Unarmed           |    82 |   148 |   327 |   527 |   463 ||  1547
       Kick              |    15 |    25 |       |     7 |    13 ||    60
       Headbutt          |    13 |    13 |       |     2 |    10 ||    38
       Tailslap          |     8 |    11 |     4 |    60 |    59 ||   142
       Punch             |     2 |     2 |       |    21 |    27 ||    52
Throw: Dart              |       |    19 |       |    29 |     2 ||    50
 Cast: Beastly Appendage |    21 |    22 |     1 |     4 |     6 ||    54
       Wereblood         |     1 |    19 |     2 |    11 |    22 ||    55
       Spider Form       |       |     7 |    49 |    19 |       ||    75
       Blade Hands       |       |       |       |    63 |    56 ||   119
       Olgreb's Toxic Ra |       |       |       |     2 |     1 ||     3
       Sandblast         |       |       |       |       |     2 ||     2
 Abil: Breathe Noxious F |       |       |    15 |    36 |    10 ||    61
Evoke: Wand              |       |       |       |     4 |     4 ||     8
       Phantom mirror    |       |       |       |     1 |     1 ||     2
  Use: Scroll            |       |       |       |    28 |     3 ||    31
       Potion            |       |       |       |     1 |     2 ||     3
 Stab: Confused          |       |       |     9 |    17 |     6 ||    32
       Sleeping          |       |       |     1 |     4 |     3 ||     8
       Petrified         |       |       |       |       |     2 ||     2
Armor: Skin              |    32 |    26 |    18 |   154 |   172 ||   402
Dodge: Dodged            |    39 |   107 |   292 |   514 |   458 ||  1410

Table legend: (Time is in decaauts)
 A = Elapsed time spent in this place.
 B = Non-inter-level travel time spent in this place.
 C = Inter-level travel time spent in this place.
 D = Time resting spent in this place.
 E = Time spent auto-exploring this place.
 F = Levels seen in this place.
 G = Mean time per level.
                   A        B        C        D        E       F      G
               +--------+--------+--------+--------+--------+-----+--------+
         Total |  29702 |  27956 |   1746 |   5045 |  18705 |  20 | 1485.1 |
       Dungeon |  17836 |  16977 |    859 |   3729 |  10778 |  11 | 1621.5 |
        Temple |    148 |    109 |     39 |      0 |    109 |   1 |  148.0 |
          Lair |  10739 |   9942 |    797 |   1278 |   7202 |   6 | 1789.8 |
  Orcish Mines |    977 |    928 |     49 |     38 |    616 |   2 |  488.5 |
               +--------+--------+--------+--------+--------+-----+--------+

Top non-repeatable levels by time:
    D:10: 3146 daAuts
  Lair:1: 2386 daAuts
  Lair:4: 1925 daAuts
  Lair:5: 1908 daAuts
  Lair:6: 1845 daAuts
     D:3: 1667 daAuts
     D:5: 1659 daAuts
     D:2: 1597 daAuts
     D:1: 1559 daAuts
     D:7: 1541 daAuts
     D:9: 1500 daAuts
     D:6: 1460 daAuts
  Lair:2: 1452 daAuts
    D:11: 1436 daAuts
     D:8: 1340 daAuts
